 Dungeon Crawl Stone Soup version 0.23-b1-84-g6588a6b (webtiles) character file.

Game seed: 2423196219801943993

388 Miyamura the Grasshopper (level 6, -3/51 HPs)
             Began as a Gnoll Warper on Feb 7, 2019.
             Slain by Jessica
             ... wielding a +7 dagger of protection
              (8 damage)
             ... on level 3 of the Dungeon.
             The game lasted 00:06:51 (4043 turns).

Miyamura the Grasshopper (Gnoll Warper)             Turns: 4043, Time: 00:06:51

Health: -3/51      AC:  5    Str: 15    XL:     6   Next: 79%
Magic:  14/14      EV: 13    Int: 15    God:
Gold:   168        SH:  0    Dex: 15    Spells: 3/15 levels left

rFire    . . .     SeeInvis .   t - +0 dagger (speed)
rCold    . . .     Gourm    .   (no shield)
rNeg     . . .     Faith    .   c - +0 ring mail
rPois    .         Spirit   .   (no helmet)
rElec    .         Reflect  .   (no cloak)
rCorr    .         Harm     .   (no gloves)
MR       .....                  (no boots)
Stlth    +.........             (no amulet)
HPRegen  0.17/turn              (no ring)
MPRegen  0.14/turn              (no ring)

@: slowed, very slow
A: distributed training, fangs 1, strong nose
a: no special abilities


You were on level 3 of the Dungeon.
You were hungry.

You visited 1 branch of the dungeon, and saw 3 of its levels.

You collected 168 gold pieces.

Inventory:

Hand Weapons
 a - a +0 spear
 j - a +2 antimagic dagger
 p - a +0 hunting sling
 t - a +0 dagger of speed (weapon)
Missiles
 e - 5 tomahawks of dispersal (quivered)
 g - 113 stones
 i - 56 sling bullets
 k - 63 arrows
 q - 22 bolts
 v - 2 throwing nets
 x - 11 poisoned needles
Armour
 c - a +0 ring mail (worn)
Wands
 r - a wand of random effects (16)
Scrolls
 d - 2 scrolls of blinking
 h - 5 scrolls of identify
 m - 2 scrolls of amnesia {unknown}
 n - 4 scrolls of teleportation {unknown}
 u - 3 scrolls of magic mapping {unknown}
 y - a scroll of enchant weapon {unknown}
Potions
 b - a potion of lignification
 l - a potion of resistance
 o - a potion of curing
 s - a potion of invisibility {unknown}
Comestibles
 f - 4 rations


   Skills:
 + Level 5.0 Fighting
 + Level 2.1 Short Blades
 + Level 2.1 Long Blades
 + Level 2.1 Axes
 + Level 2.1 Maces & Flails
 + Level 5.0 Polearms
 + Level 2.1 Staves
 + Level 2.1 Slings
 + Level 2.1 Bows
 + Level 2.1 Crossbows
 + Level 3.3 Throwing
 + Level 3.3 Armour
 + Level 5.0 Dodging
 + Level 2.1 Stealth
 + Level 2.1 Shields
 + Level 2.1 Unarmed Combat
 + Level 5.4 Spellcasting
 + Level 1.6 Conjurations
 + Level 1.6 Hexes
 + Level 1.6 Charms
 + Level 1.6 Summonings
 + Level 1.6 Necromancy
 + Level 5.7 Translocations
 + Level 1.6 Transmutations
 + Level 1.6 Fire Magic
 + Level 1.6 Ice Magic
 + Level 1.6 Air Magic
 + Level 1.6 Earth Magic
 + Level 1.6 Poison Magic
 + Level 2.3 Invocations
 + Level 2.1 Evocations


You had 3 spell levels left.
You knew the following spells:

 Your Spells              Type           Power        Failure   Level  Hunger
b - Blink                 Tloc           N/A          4%          2    #......
l - Lesser Beckoning      Tloc           ###.......   9%          3    ###....
p - Passage of Golubria   Tloc           N/A          28%         4    ####...
t - Teleport Other        Tloc           ###.....     9%          3    ###....

Your spell library contained the following spells:

 Spells                   Type           Power        Failure   Level  Hunger
 Gell's Gravitas          Tloc           ###.......   9%          3    ###....
 Shroud of Golubria       Chrm/Tloc      ###.......   10%         2    #......


Dungeon Overview and Level Annotations

Branches:
Dungeon (3/15)

Altars:

Annotations:
D:3 Jessica


Innate Abilities, Weirdness & Mutations

Your experience applies equally to all skills.
You have very sharp teeth.
Your uncanny sense of smell can sniff out nearby items.


Message History

Jessica hits you with a +7 dagger of protection!
You closely miss Jessica.
Jessica is almost dead.
Jessica hits you with a +7 dagger of protection.
You closely miss Jessica.
Jessica is almost dead.
Jessica hits you with a +7 dagger of protection.
You hit Jessica but do no damage.
Jessica is almost dead.
Jessica closely misses you.
You hit Jessica but do no damage.
Jessica is almost dead.
You closely miss Jessica.
Jessica is almost dead.
Jessica looks very angry.
Jessica hits you with a +7 dagger of protection.
You closely miss Jessica.
Jessica is almost dead.
Jessica hits you with a +7 dagger of protection!
You die...

#.......# ####
#.......# ...#
#....[..# #.##
#.......# #.#
####.......#
#.#########..).......#
#.##........##.......#
.....########...@....#
...### #..%.@....#
...# ####..#..<....#
...# #....##########
..## #.### ..######.#
......#..######
)...#.#.##....#
#.#.#....#....#
#.#.##...#.)..#


You could see Jessica.

Vanquished Creatures
  2 big kobolds
  An orc priest (D:3)
  Natasha (thrice) (D:2)
  3 adders
  3 oozes
  3 worms
  2 leopard geckos
  5 orcs
  3 giant cockroaches (D:1)
  4 goblins
  4 hobgoblins
  13 jackals
  20 kobolds
  A quokka (D:3)
  7 bats
  8 frilled lizards
  8 rats
90 creatures vanquished.

Notes
Turn   | Place    | Note
-------+----------+-------------------------------------------
     0 | D:1      | Miyamura the Gnoll Warper began the quest for the Orb.
     0 | D:1      | Reached XP level 1. HP: 20/20 MP: 6/6
   264 | D:1      | Reached XP level 2. HP: 26/26 MP: 7/7
   741 | D:1      | Reached XP level 3. HP: 31/31 MP: 3/9
   753 | D:1      | Reached skill level 5 in Spellcasting
   874 | D:2      | Noticed Natasha
   910 | D:2      | Killed Natasha
   910 | D:2      | Reached skill level 1 in Short Blades
   910 | D:2      | Reached skill level 1 in Long Blades
   910 | D:2      | Reached skill level 1 in Axes
   910 | D:2      | Reached skill level 1 in Maces & Flails
   910 | D:2      | Reached skill level 1 in Staves
   910 | D:2      | Reached skill level 1 in Slings
   910 | D:2      | Reached skill level 1 in Bows
   910 | D:2      | Reached skill level 1 in Crossbows
   910 | D:2      | Reached skill level 1 in Stealth
   910 | D:2      | Reached skill level 1 in Shields
   910 | D:2      | Reached skill level 1 in Unarmed Combat
   910 | D:2      | Reached skill level 1 in Invocations
   910 | D:2      | Reached skill level 1 in Evocations
   910 | D:2      | Reached XP level 4. HP: 15/38 MP: 3/11
  1609 | D:2      | Noticed Natasha
  1624 | D:2      | Killed Natasha
  1624 | D:2      | Reached skill level 1 in Conjurations
  1624 | D:2      | Reached skill level 1 in Hexes
  1624 | D:2      | Reached skill level 1 in Charms
  1624 | D:2      | Reached skill level 1 in Summonings
  1624 | D:2      | Reached skill level 1 in Necromancy
  1624 | D:2      | Reached skill level 1 in Transmutations
  1624 | D:2      | Reached skill level 1 in Fire Magic
  1624 | D:2      | Reached skill level 1 in Ice Magic
  1624 | D:2      | Reached skill level 1 in Air Magic
  1624 | D:2      | Reached skill level 1 in Earth Magic
  1624 | D:2      | Reached skill level 1 in Poison Magic
  1793 | D:2      | Noticed Natasha
  1817 | D:2      | Killed Natasha
  1817 | D:2      | Reached XP level 5. HP: 20/43 MP: 4/12
  2548 | D:2      | Learned a level 2 spell: Blink
  2552 | D:2      | Learned a level 3 spell: Lesser Beckoning
  2556 | D:2      | Learned a level 3 spell: Teleport Other
  2561 | D:2      | Learned a level 4 spell: Passage of Golubria
  2745 | D:3      | Noticed a big kobold
  2790 | D:2      | Killed a big kobold
  2790 | D:2      | Reached XP level 6. HP: 26/50 MP: 4/14
  3102 | D:3      | Reached skill level 5 in Fighting
  3102 | D:3      | Reached skill level 5 in Polearms
  3102 | D:3      | Reached skill level 5 in Dodging
  3718 | D:3      | Noticed Jessica
  4043 | D:3      | Slain by Jessica

Skill      XL: |  1  2  3  4  5  6 |
---------------+-------------------+-----
Spellcasting   | 5 |  5.4
Short Blades   | 1 2 |  2.1
Long Blades    | 1 2 |  2.1
Axes           | 1 2 |  2.1
Maces & Flails | 1 2 |  2.1
Staves         | 1 2 |  2.1
Slings         | 1 2 |  2.1
Bows           | 1 2 |  2.1
Crossbows      | 1 2 |  2.1
Stealth        | 1 2 |  2.1
Shields        | 1 2 |  2.1
Unarmed Combat | 1 2 |  2.1
Invocations    | 1 2 |  2.3
Evocations     | 1 2 |  2.1
Conjurations   | 1 |  1.6
Hexes          | 1 |  1.6
Charms         | 1 |  1.6
Summonings     | 1 |  1.6
Necromancy     | 1 |  1.6
Transmutations | 1 |  1.6
Fire Magic     | 1 |  1.6
Ice Magic      | 1 |  1.6
Air Magic      | 1 |  1.6
Earth Magic    | 1 |  1.6
Poison Magic   | 1 |  1.6
Throwing       | 3 |  3.3
Armour         | 3 |  3.3
Fighting       | 5 |  5.0
Polearms       | 5 |  5.0
Dodging        | 5 |  5.0
Translocations | |  5.7

Action                   |  1- 3 |  4- 6 || total
-------------------------+-------+-------++-------
Melee: Spear             |    55 |       ||    55
       Bite              |     6 |    43 ||    49
       Dagger            |    43 |   418 ||   461
       Punch             |       |     1 ||     1
 Cast: Teleport Other    |       |     2 ||     2
Evoke: Wand              |       |     1 ||     1
  Use: Scroll            |     1 |       ||     1
       Potion            |       |     4 ||     4
  Eat: Chunk             |       |    10 ||    10
Armor: Leather armour    |     7 |       ||     7
       Ring mail         |    10 |    93 ||   103
       Skin              |       |    35 ||    35
Dodge: Dodged            |    61 |   227 ||   288
